 Dungeon Crawl Stone Soup version 0.24.0-2-g5b39cebb1c (webtiles) character file.

Game seed: 4076500549003600782, levelgen mode: deterministic

459 Mrkan the Chopper (level 7, -1/61 HPs)
             Began as a Hill Orc Fighter on Oct 29, 2019.
             Was a Follower of Zin.
             Slain by Menkaure (17 damage)
             ... on level 5 of the Dungeon.
             The game lasted 00:04:23 (2551 turns).

Mrkan the Chopper (Hill Orc Fighter)                Turns: 2551, Time: 00:04:23

Health: -1/61      AC:  7    Str: 25    XL:     7   Next: 6%
Magic:  9/9        EV:  7    Int:  8    God:    Zin [*.....]
Gold:   107        SH: 10    Dex: 13    Spells: 6/6 levels left

rFire    . . .     SeeInvis .   a - +0 war axe
rCold    . . .     Gourm    .   c - +0 shield
rNeg     . . .     Faith    .   b - +0 scale mail
rPois    .         Spirit   .   (no helmet)
rElec    .         Reflect  .   (no cloak)
rCorr    .         Harm     .   (no gloves)
MR       .....                  (no boots)
Stlth    ..........             (no amulet)
HPRegen  0.20/turn              e - +2 ring of dexterity
MPRegen  0.11/turn              (no ring)

@: mighty
A: no striking features
a: Recite, Donate Gold, Renounce Religion


You were on level 5 of the Dungeon.
You worshipped Zin.
Zin was aware of your devotion.
You were hungry.

You visited 1 branch of the dungeon, and saw 4 of its levels.

You collected 118 gold pieces.
You donated 11 gold pieces to Zin.

Inventory:

Hand Weapons
 a - a +0 war axe (weapon)
Armour
 b - a +0 scale mail (worn)
 c - a +0 shield (worn)
 o - a scarf of resistance
Jewellery
 e - a +2 ring of dexterity (left hand)
 l - a +2 ring of evasion {unknown}
 n - an uncursed ring of protection from magic {unknown}
 r - an uncursed ring of protection from fire {unknown}
Scrolls
 g - a scroll of teleportation {unknown}
 h - a scroll of enchant weapon {unknown}
 i - a scroll of amnesia {unknown}
 j - 3 scrolls of identify {unknown}
 k - 4 scrolls of remove curse {unknown}
Potions
 d - 2 potions of might
 m - a potion of heal wounds {unknown}
 q - a potion of degeneration {unknown}
Comestibles
 f - 4 rations


   Skills:
 + Level 5.0 Fighting
 * Level 6.1 Axes
 + Level 4.5 Armour
 + Level 4.6 Shields
 + Level 3.0 Invocations


You had 6 spell levels left.
You didn't know any spells.
Your spell library was empty.

Dungeon Overview and Level Annotations

Branches:
Dungeon (3/15)

Altars:
Dithmenos
Elyvilon
Kikubaaqudgha
Trog
Xom
Zin

Annotations:
D:2 Sigmund
D:5 2 transporters, Menkaure; topfpfpflanze's ghost, novice DrTm


Message History

Menkaure is heavily damaged.
You hit the hound zombie.
Menkaure points at you and mumbles some strange words.
Pain shoots through your body! You block the hound zombie's attack.
You barely miss Menkaure.
Menkaure is heavily damaged.
You hit the hound zombie. Menkaure barely misses you.
The hound zombie bites you but does no damage.
Menkaure completely misses you.
The hound zombie bites you but does no damage.
You hit Menkaure.
Menkaure is heavily damaged.
You barely miss the hound zombie.
Menkaure calls on the powers of darkness!
Your body is wracked with pain!
* * * LOW HITPOINT WARNING * * *
You block the hound zombie's attack.
You feel very mighty all of a sudden. You block the hound zombie's attack.
Menkaure hits you!
You die...

# #' #. #. ###.##.## ##
.......... #.#...#.
#....Z. #.ZM# ####.
#..@#..... #.###.#.#..#
...........#
################.#.####
........................
########################


You could see Menkaure, a hound zombie and a centaur skeleton.

Vanquished Creatures
  A sky beast (D:5)
  An ogre (D:5)
  A bullfrog (D:5)
  A scorpion (D:5)
  An orc wizard (D:3)
  A worker ant (D:5)
  A worker ant zombie (D:5)
  A gnoll (D:1)
  4 adders
  An adder zombie (D:5)
  A worm (D:2)
  A dart slug (D:1)
  A leopard gecko (D:1)
  4 orcs (D:3)
  7 bats
  2 giant cockroaches
  5 hobgoblins
  A quokka (D:5)
  4 frilled lizards
  10 goblins
  2 kobolds
  A leopard gecko skeleton (D:5)
  6 rats
58 creatures vanquished.

Notes
Turn   | Place    | Note
-------+----------+-------------------------------------------
     0 | D:1      | Mrkan the Hill Orc Fighter began the quest for the Orb.
     0 | D:1      | Reached XP level 1. HP: 19/19 MP: 1/1
   146 | D:1      | Reached skill level 3 in Axes
   167 | D:1      | Reached XP level 2. HP: 24/27 MP: 2/2
   466 | D:1      | Reached XP level 3. HP: 33/33 MP: 3/3
   780 | D:2      | Found a bloodstained altar of Trog.
   780 | D:2      | Found a white marble altar of Elyvilon.
   802 | D:2      | Found a shimmering altar of Xom.
   803 | D:2      | Found a glowing silver altar of Zin.
   803 | D:2      | Found an ancient bone altar of Kikubaaqudgha.
   806 | D:2      | Found a shadowy altar of Dithmenos.
   815 | D:2      | Became a worshipper of Zin the Law-Giver
  1313 | D:2      | Reached skill level 4 in Axes
  1322 | D:2      | Reached XP level 4. HP: 33/40 MP: 4/4
  1387 | D:2      | Noticed Sigmund
  1622 | D:2      | Reached skill level 1 in Invocations
  1729 | D:3      | Reached * piety under Zin
  1840 | D:3      | Reached XP level 5. HP: 39/46 MP: 4/6
  1887 | D:3      | You fall into a shaft and drop 2 floors!
  1887 | D:5      | Entered Level 5 of the Dungeon
  1971 | D:5      | Reached skill level 5 in Axes
  1971 | D:5      | Reached XP level 6. HP: 41/53 MP: 7/7
  1986 | D:5      | Found a transporter.
  1986 | D:5      | Found a transporter.
  1986 | D:5      | Noticed topfpfpflanze's ghost (novice DrTm)
  1989 | D:5      | Noticed a hippogriff
  2315 | D:5      | Noticed a sky beast
  2338 | D:5      | Killed a sky beast
  2338 | D:5      | Reached skill level 5 in Fighting
  2338 | D:5      | Reached skill level 6 in Axes
  2338 | D:5      | Reached XP level 7. HP: 30/61 MP: 9/9
  2542 | D:5      | Noticed Menkaure
  2551 | D:5      | Slain by Menkaure

Levels and vault maps discovered:
D:1:      psy_arrival_whirlpool, layout_loops_ring
D:2:      layout_loops_corners, minitemple, uniq_sigmund
D:3:      layout_basic
D:5:      layout_loops_corners, minmay_temple_entry_slanted,
          gammafunk_ghost_arena, uniq_menkaure

Skill      XL: |  1  2  3  4  5  6 |
---------------+-------------------+-----
Axes           | 3 4 5 6 |  6.1
Fighting       | 4 5 |  5.0
Invocations    | 1 2 3 |  3.0
Shields        | 4 |  4.6
Armour         | 4 |  4.5

Action                   |  1- 3 |  4- 6 |  7- 9 || total
-------------------------+-------+-------+-------++-------
Melee: War axe           |   103 |   134 |     5 ||   242
  Use: Potion            |       |       |     1 ||     1
  Eat: Chunk             |     1 |     4 |       ||     5
Armor: Scale mail        |    43 |    63 |     2 ||   108
Dodge: Dodged            |    22 |    31 |     3 ||    56
Block: Shield            |    65 |    59 |     3 ||   127
